 Dungeon Crawl Stone Soup version 0.20.0-15-g7f486f2 (webtiles) character file.

247 meatball the Skirmisher (level 6, -1/40 HPs)
             Began as a Gargoyle Chaos Knight on June 29, 2017.
             Slain by ThePrince's ghost (9 damage)
             ... on level 3 of the Dungeon on July 1, 2017.
             The game lasted 00:16:38 (1891 turns).

meatball the Skirmisher (Gargoyle Chaos Knight)     Turns: 1891, Time: 00:16:39

Health: -1/40      AC:  9    Str: 17    XL:     6   Next: 11%
Magic:  6/6        EV: 11    Int: 13    God:    Xom [*.....]
Gold:   168        SH:  0    Dex:  9    Spells: 5/5 levels left

rFire    . . .     SeeInvis .   a - +0 mace (chaos)
rCold    . . .     Gourm    .   (no shield)
rNeg     + . .     Faith    .   b - +2 leather armour
rPois    ∞         Spirit   .   (no helmet)
rElec    +         Reflect  .   (no cloak)
rCorr    .         Harm     .   (no gloves)
MR       .....                  (no boots)
Stlth    +.........             (no amulet)
Regen    0.2/turn               (no ring)
MPRegen  0.1/turn               (no ring)

@: no status effects
A: negative energy resistance 1, electricity resistance, unbreathing,
petrification resistance, rot immunity, AC +4
a: Renounce Religion


You were on level 3 of the Dungeon.
You worshipped Xom.
You were a special plaything of Xom.
You were not hungry.

You visited 1 branch of the dungeon, and saw 3 of its levels.

You collected 168 gold pieces.

Inventory:

Hand Weapons
 a - a +0 mace of chaos (weapon)
Armour
 b - a +2 leather armour (worn)
 q - a +2 buckler
Jewellery
 k - a +3 ring of dexterity {unknown}
 m - an uncursed amulet of harm {unknown}
 n - an uncursed ring of flight {unknown}
Wands
 r - a wand of paralysis (10/24)
Scrolls
 e - a scroll of fear {unknown}
 f - 2 scrolls of remove curse {unknown}
 p - a scroll of magic mapping {unknown}
 s - a scroll of teleportation {unknown}
Potions
 g - a potion of degeneration {unknown}
 h - a potion of curing {unknown}
 i - a potion of haste {unknown}
 j - a potion of magic {unknown}
Comestibles
 c - 2 bread rations
 d - 14 chunks of flesh
 l - a royal jelly
 o - a meat ration


   Skills:
 + Level 5.1 Fighting
 + Level 4.5 Maces & Flails
 + Level 4.1 Armour
 - Level 0.7 Dodging


You had 5 spell levels left.
You didn't know any spells.

Dungeon Overview and Level Annotations

Branches:
Dungeon (3/15)

Altars:
Hepliaklqana
Yredelemnul
Zin

Annotations:
D:3 ThePrince's ghost, amateur MiFi


Innate Abilities, Weirdness & Mutations

You are resistant to torment.
Your stone body is resilient. (AC +4)
You are immune to poison.
You resist negative energy. (rN+)
You are resistant to electric shocks. (rElec)
You can survive without breathing.
You are immune to petrification.
You are immune to rotting.


Message History

Butcher an adder corpse? [(y)es/(c)hoosy/(n)o/(a)ll/(e)dible/(q)uit/?]
You butcher the orc corpse.
You butcher the adder corpse.
d - 13 chunks of flesh (gained 2);
d - 15 chunks of flesh (gained 2)
Items here: ( )) ÷ a mace; a short sword; a tomahawk; an adder skeleton
Items here: )))) ÷ a whip; a flail; a halberd; a whip; an adder skeleton You start resting.
Eating one of 15 chunks of flesh.
You eat one of the 15 chunks of flesh.
This raw flesh tastes terrible.
ThePrince's ghost (amateur Minotaur Fighter) comes into view.
ThePrince's ghost is nearby!
ThePrince's ghost shrieks, "You will never get the ORB!"
You hit ThePrince's ghost but do no damage.
ThePrince's ghost seems to speed up.
ThePrince's ghost hits you!
* * * LOW HITPOINT WARNING * * *
ThePrince's ghost hits you!
You die...
Xom chortles!

>. ....... ....$
#.##....... # ....#
.......... ..#....
......... .......
#........ .......
###........ .......
#))...!....
.......##)#........
.......@W.##.......
..?......## #......
..........## ###..#
...........# ..#
...........# ##
.........(.#
...........#
...........#
........<##


You could see ThePrince's ghost.

Vanquished Creatures
  A scorpion (D:1)
  4 gnolls (D:3)
  9 adders
  An ooze (D:2)
  2 worms (D:2)
  3 dart slugs
  2 leopard geckos
  4 orcs (D:3)
  2 ball pythons
  A giant cockroach (D:1)
  7 goblins
  5 hobgoblins
  3 jackals (D:1)
  2 quokkas (D:2)
  8 bats
  2 frilled lizards
  5 kobolds
  6 rats
  2 fungi (D:1)
69 creatures vanquished.

Notes
Turn   | Place    | Note
-------+----------+-------------------------------------------
     0 | D:1      | meatball the Gargoyle Chaos Knight began the quest for the Orb.
     0 | D:1      | Reached XP level 1. HP: 14/14 MP: 1/1
    37 | D:1      | XOM: silly message
   122 | D:1      | Noticed a scorpion
   122 | D:1      | an ooze changed into a scorpion
   122 | D:1      | XOM: harmless Fire miscast
   125 | D:1      | XOM: potion effect (brilliance)
   126 | D:1      | Killed a scorpion
   126 | D:1      | Reached skill level 4 in Fighting
   126 | D:1      | Reached XP level 2. HP: 5/20 MP: 2/2
   126 | D:1      | Reached XP level 3. HP: 7/24 MP: 3/3
   200 | D:1      | Reached XP level 4. HP: 17/29 MP: 4/4
   653 | D:1      | XOM: harmless Tmut miscast
   847 | D:2      | Found a hazy altar of Hepliaklqana.
   918 | D:2      | Reached XP level 5. HP: 34/34 MP: 5/5
  1097 | D:2      | Found a glowing silver altar of Zin.
  1099 | D:2      | Found a basalt altar of Yredelemnul.
  1262 | D:2      | XOM: silly message
  1297 | D:2      | XOM: divination: detect items
  1313 | D:2      | XOM: silly message
  1446 | D:2      | XOM: silly message
  1806 | D:3      | XOM: potion effect (haste)
  1827 | D:3      | Reached skill level 5 in Fighting
  1832 | D:3      | Reached XP level 6. HP: 20/40 MP: 6/6
  1887 | D:3      | Noticed ThePrince's ghost (amateur MiFi)
  1891 | D:3      | Slain by ThePrince's ghost

Skill      XL: |  1  2  3  4  5  6 |
---------------+-------------------+-----
Fighting       | 4 5 |  5.1
Armour         | 3 4 |  4.1
Maces & Flails | 4 |  4.5
Dodging        | |  0.7

Action                   |  1- 3 |  4- 6 || total
-------------------------+-------+-------++-------
Melee: Mace              |    18 |   217 ||   235
  Use: Potion            |     1 |       ||     1
  Eat: Chunk             |       |     4 ||     4
Armor: Leather armour    |     6 |    99 ||   105
Dodge: Dodged            |     8 |   147 ||   155
